 Dungeon Crawl Stone Soup version 0.30-a0-373-gd37427bb62 (webtiles) character file.

Game seed: 2875461189066779568

221 KennySheep the Vexing (level 5, -6/48 (53) HPs)
             Began as an Ogre Hexslinger on Nov 23, 2022.
             Mangled by Edmund
             ... wielding a +2 vorpal flail
              (9 damage)
             ... on level 4 of the Dungeon.
             The game lasted 00:06:22 (2997 turns).

KennySheep the Vexing (Ogre Hexslinger)             Turns: 2997, Time: 00:06:22

HP:   -6/48 (53)    AC:  3    Str: 16    XL:     5   Next: 98%
MP:   8/8           EV: 10    Int: 14    God:
Gold: 172           SH:  0    Dex:  9    Spells: 5/9 levels left

rFire   + . .      SeeInvis .    a - +1 sling
rCold   . . .      Faith    .    (no shield)
rNeg    . . .      Spirit   .    c - +0 robe
rPois   .          Reflect  .    (helmet restricted)
rElec   .          Harm     .    (no cloak)
rCorr   .          Rampage  .    (gloves unavailable)
Will    .....                    (boots unavailable)
Stlth   +.........               (no amulet)
HPRegen 0.28/turn                j - ring of protection from fire
MPRegen 0.11/turn                (no ring)

@: drained
A: large, unfitting armour, tough skin 1
a: no special abilities


You were on level 4 of the Dungeon.
You visited 1 branch of the dungeon, and saw 5 of its levels.

You collected 172 gold pieces.

Inventory:

Hand Weapons
 a - a +1 sling (weapon)
Missiles
 l - 21 stones (quivered)
Armour
 c - a +0 robe (worn)
Jewellery
 j - a ring of protection from fire (left hand)
Wands
 v - a wand of roots (12)
Scrolls
 b - 2 scrolls of poison
 e - a scroll of enchant armour {unknown}
 g - a scroll of butterflies {unknown}
 h - a scroll of vulnerability {unknown}
 i - 2 scrolls of identify {unknown}
 k - a scroll of noise {unknown}
 o - 2 scrolls of blinking
 p - a scroll of silence {unknown}
 q - a scroll of torment {unknown}
 s - a scroll of brand weapon {unknown}
 t - a scroll of immolation {unknown}
 u - a scroll of fear {unknown}
Potions
 d - 2 potions of might {unknown}
 f - a potion of magic {unknown}
 m - a potion of curing
 n - a potion of heal wounds {unknown}
 r - a potion of flight {unknown}


   Skills:
 + Level 3.1 Fighting
 - Level 1.3 Ranged Weapons
 * Level 2.9 Throwing
 + Level 2.6 Dodging
 + Level 2.5 Spellcasting
 + Level 3.2 Hexes
 + Level 1.2 Translocations


You had 5 spell levels left.
You knew the following spells:

 Your Spells              Type           Power      Damage    Failure   Level
a - Slow                  Hex            40%        N/A       6%          1
z - Portal Projectile     Hex/Tloc       16%        N/A       26%         3

Your spell library contained the following spells:

 Spells                   Type           Power      Damage    Failure   Level
 Inner Flame              Hex/Fire       6%         N/A       34%         3
 Cause Fear               Hex            5%         N/A       52%         4
 Discord                  Hex            5%         N/A       100%        8


Dungeon Overview and Level Annotations

Branches:
Dungeon (5/15)
 Temple: D:4-7

Altars:
Fedhas

Shops:
D:5 (

Annotations:
D:3 3 runed translucent doors, jfcaron's ghost, amateur DgRe
D:4 Edmund


Innate Abilities, Weirdness & Mutations

You are too large for most types of armour.
You have tough skin. (AC +1)


Message History

The necrophage hits you but does no damage.
You shoot a sling bullet.
The sling bullet completely misses the necrophage.
The sling bullet barely misses Edmund.
The necrophage hits you.
You shoot a sling bullet. The sling bullet hits the necrophage.
The necrophage is moderately damaged.
The necrophage misses you. Edmund hits you with a +2 vorpal flail!
The necrophage hits you but does no damage.
You shoot a sling bullet.
The sling bullet barely misses the necrophage.
The sling bullet hits the giant cockroach but does no damage.
Edmund hits you with a +2 vorpal flail. The necrophage hits you.
You feel drained.
You shoot a sling bullet. The sling bullet hits the necrophage.
The necrophage is heavily damaged.
Edmund misses you. The necrophage barely misses you.
You shoot a sling bullet.
The sling bullet closely misses the necrophage.
The sling bullet hits the giant cockroach.
You kill the giant cockroach!
Edmund hits you with a +2 vorpal flail. The necrophage hits you.
The necrophage barely misses you. Edmund hits you with a +2 vorpal flail!
You shoot a sling bullet. The sling bullet hits the necrophage.
The necrophage is heavily damaged.
Edmund hits you with a +2 vorpal flail.
* * * LOW HITPOINT WARNING * * *
x2 The necrophage hits you.
* * * LOW HITPOINT WARNING * * *
You feel drained.
You shoot a sling bullet. The sling bullet hits the necrophage.
The necrophage is severely damaged.
Edmund misses you. The necrophage barely misses you.
You shoot a sling bullet.
The sling bullet barely misses the necrophage.
Edmund misses you. The necrophage hits you.
* * * LOW HITPOINT WARNING * * *
You feel drained.
* * * LOW HITPOINT WARNING * * *
The necrophage barely misses you. Edmund hits you with a +2 vorpal flail!
You die...

####'#....#................#
.....#.##.#.##....##########
####.#.##)#.##....#
#.#.##.#.##....#
#.#.##.#.##....#
#.#.##.#.......#
#.#.##.#.......#
#.#.##.#.......# #.#
...>####@## #.# ......@n#
.#.###..# #..# #..# ...#
...# ....#


You could see Edmund and a necrophage.

Vanquished Creatures
  A necrophage (D:3)
  Jessica (D:3)
  An iguana (D:4)
  4 adders
  A worm (D:2)
  2 dart slugs (D:3)
  2 orcs (D:3)
  8 endoplasms
  4 giant cockroaches
  A goblin (D:2)
  6 hobgoblins
  2 jackals (D:2)
  4 quokkas
  5 ball pythons
  8 bats
  3 frilled lizards (D:1)
  3 kobolds
  8 rats
64 creatures vanquished.

Notes
Turn   | Place    | Note
-------+----------+-------------------------------------------
     0 | D:1      | KennySheep the Ogre Hexslinger began the quest for the Orb.
     0 | D:1      | Reached XP level 1. HP: 19/19 MP: 2/2
   102 | D:1      | Reached XP level 2. HP: 26/28 MP: 4/4
   683 | D:1      | Reached skill level 1 in Throwing
   998 | D:2      | Reached XP level 3. HP: 35/35 MP: 5/5
  1002 | D:2      | Learned a level 3 spell: Portal Projectile
  1390 | D:2      | Reached XP level 4. HP: 44/44 MP: 7/7
  1948 | D:3      | Found a blossoming altar of Fedhas.
  1948 | D:3      | Noticed Jessica
  1974 | D:3      | Killed Jessica
  2161 | D:3      | Noticed a necrophage
  2188 | D:3      | Killed a necrophage
  2189 | D:3      | Reached skill level 1 in Translocations
  2189 | D:3      | Reached XP level 5. HP: 31/52 MP: 8/8
  2310 | D:3      | Noticed jfcaron's ghost (amateur DgRe)
  2311 | D:3      | Found a runed translucent gate.
  2311 | D:3      | Found a runed translucent gate.
  2311 | D:3      | Found a runed translucent gate.
  2314 | D:3      | Identified the +9 dagger of the Well-Known Seas {holy, rF+
                  | SInv}
  2314 | D:3      | Identified the +0 leather armour "Zaupp" {Int+4 Stlth+}
  2746 | D:4      | Noticed Edmund
  2801 | D:4      | Noticed a phantom
  2814 | D:5      | Entered Level 5 of the Dungeon
  2839 | D:5      | Found Weschiff's Weapon Emporium.
  2997 | D:4      | Mangled by Edmund

Illustrated notes

Levels and vault maps discovered:
D:1:      shiori_angband_town, layout_loops_ring
D:2:      layout_basic
D:3:      minmay_angry_zag, layout_rooms, fedhas_altar_3,
          biasface_ghost_orc_armoury, uniq_jessica
D:4:      layout_basic, zin_scriptorium, uniq_edmund
D:5:      layout_cave_pools, serial_shops, shop, serial_park_tiny_pond,
          uniq_blork_the_orc, uniq_pikel

Skill      XL: |  1  2  3  4  5 |
---------------+----------------+-----
Dodging        | 2 |  2.6
Throwing       | 1 2 |  2.9
Fighting       | 2 3 |  3.1
Spellcasting   | 2 |  2.5
Hexes          | 3 |  3.2
Translocations | 1 |  1.2
Ranged Weapons | |  1.3

Action                   |  1- 3 |  4- 6 || total
-------------------------+-------+-------++-------
 Fire: Sling             |   143 |   134 ||   277
Throw: Stone             |       |     3 ||     3
 Cast: Slow              |       |     3 ||     3
  Use: Scroll            |       |     1 ||     1
       Potion            |       |     1 ||     1
Armor: Robe              |    25 |    26 ||    51
Dodge: Dodged            |    40 |    42 ||    82

Table legend: (Time is in decaauts)
 A = Elapsed time spent in this place.
 B = Non-inter-level travel time spent in this place.
 C = Inter-level travel time spent in this place.
 D = Time resting spent in this place.
 E = Time spent auto-exploring this place.
 F = Levels seen in this place.
 G = Mean time per level.
                   A        B        C        D        E       F      G
               +--------+--------+--------+--------+--------+-----+--------+
         Total |   3092 |   2937 |    155 |    270 |   2094 |   5 |  618.4 |
       Dungeon |   3092 |   2937 |    155 |    270 |   2094 |   5 |  618.4 |
               +--------+--------+--------+--------+--------+-----+--------+

Top non-repeatable levels by time:
     D:3: 1045 daAuts
     D:1: 891 daAuts
     D:2: 726 daAuts
     D:4: 395 daAuts
     D:5: 33 daAuts
